 Dungeon Crawl Stone Soup version 0.20.1-1-g8b1a95d (webtiles) character file.

60 letownia2 the Grave Robber (level 3, -1/28 HPs)
             Began as a Deep Dwarf Necromancer on Dec 14, 2017.
             Killed from afar by an orc wizard (6 damage)
             ... with a magic dart
             ... on level 4 of the Dungeon.
             The game lasted 00:02:13 (658 turns).

letownia2 the Grave Robber (Deep Dwarf Necromancer)  Turns: 658, Time: 00:02:14

Health: -1/28      AC:  2    Str:  8 (11) XL:     3   Next: 80%
Magic:  3/7        EV: 17    Int: 14 (16) God:
Gold:   44         SH:  0    Dex: 11 (13) Spells: 3/7 levels left

rFire    . . .     SeeInvis .   c - +0 blowgun
rCold    . . .     Gourm    .   (no shield)
rNeg     . . .     Faith    .   f - +0 robe
rPois    .         Spirit   .   (no helmet)
rElec    .         Reflect  .   (no cloak)
rCorr    .         Harm     .   (no gloves)
MR       .....                  (no boots)
Stlth    +.........             (no amulet)
Regen    0.0/turn               h - +5 ring of evasion
MPRegen  0.1/turn               (no ring)

@: confused, non-regenerating
A: damage resistance, heal wounds, sense surroundings 1, no regeneration
a: Heal Wounds


You were on level 4 of the Dungeon.
You were not hungry.

You visited 1 branch of the dungeon, and saw 4 of its levels.

You collected 44 gold pieces.

Inventory:

Hand Weapons
 a - a +0 dagger
 c - a +0 blowgun (weapon)
Missiles
 g - 10 poisoned needles (quivered)
Armour
 f - a +0 robe (worn)
Jewellery
 h - a +5 ring of evasion (left hand)
Scrolls
 d - 2 scrolls of magic mapping {unknown}
Books
 b - a book of Necromancy

   Spells                             Type                      Level
   a - Pain                           Necromancy                   1
   b - Animate Skeleton               Necromancy                   1
   c - Vampiric Draining              Necromancy                   3
   d - Regeneration                   Charms/Necromancy            3
   e - Animate Dead                   Necromancy                   4
   f - Control Undead                 Necromancy                   4
Comestibles
 e - a bread ration


   Skills:
 - Level 2.1 Dodging
 - Level 2.4 Stealth
 + Level 2.7 Spellcasting
 + Level 5.3 Necromancy


You had 3 spell levels left.
You knew the following spells:

 Your Spells              Type           Power        Failure   Level  Hunger
a - Pain                  Necr           ###.         2%          1    #......
v - Vampiric Draining     Necr           ###.......   8%          3    ###....


Dungeon Overview and Level Annotations

Branches:
Dungeon (4/15)
 Temple: D:4-7

Altars:


Innate Abilities, Weirdness & Mutations

You are resistant to damage.
You can heal yourself by infusing magical energy.
You passively map a small area around you.
You do not regenerate.


Message History

Aim: an orc, wielding a club and wearing a leather armour (chance to defeat MR: 89%) Nothing appears to happen.
You hear some strange, mumbled words.
You are confused.
You're too confused to cast spells.
That item cannot be evoked!
It was a potion of degeneration.
There was something very wrong with that liquid.
You feel weakened.
You feel dopey.
You feel clumsy. Something closely misses you.
You bump into the rock wall.
Something hits you.
Unknown command.
Firing (i - inventory):
g - 11 poisoned needles (quivered)
Press: ? - help, Shift-Dir - straight line, f/p - orc
Aim: an orc, wielding a club and wearing a leather armour You shoot a poisoned needle.
You hear some strange, mumbled words.
A magic dart appears from out of thin air!
The magic dart hits you!
You die...

#####...# ##..# #
###.###..## ###
#........#
....#........#
###..........#
###........#
##...##### ,
######.#########
........((...o{@#
#..#####..(######
, * ###..### ,*
##...## ,* ,
,*###..# , , ,
##o# , ,, *#.# *
..# * * o.##


You could see an orc.

Vanquished Creatures
  A worker ant (D:4)
  A hound skeleton (D:4)
  An adder (D:4)
  An ooze (D:4)
  An adder skeleton (D:4)
  A quokka (D:4)
  3 bats
  A kobold (D:3)
  2 rats
12 creatures vanquished.

Vanquished Creatures (others)
  8 toadstools (D:2)
8 creatures vanquished.

Grand Total: 20 creatures vanquished

Notes
Turn   | Place    | Note
-------+----------+-------------------------------------------
     0 | D:1      | letownia2 the Deep Dwarf Necromancer began the quest for the Orb.
     0 | D:1      | Reached XP level 1. HP: 15/15 MP: 3/3
   389 | D:4      | Reached XP level 2. HP: 22/22 MP: 1/5
   458 | D:4      | Reached skill level 5 in Necromancy
   482 | D:4      | Reached XP level 3. HP: 19/28 MP: 3/6
   487 | D:4      | Learned a level 3 spell: Vampiric Draining
   658 | D:4      | Killed from afar by an orc wizard

Skill      XL: |  1  2 |
---------------+-------+-----
Spellcasting   | 2 |  2.7
Necromancy     | 5 |  5.3
Dodging        | |  2.1
Stealth        | |  2.4

Action                   || total
-------------------------++-------
Melee: Dagger            ||    25
 Fire: Blowgun           ||     9
 Cast: Pain              ||    21
       Vampiric Draining ||     1
  Use: Potion            ||     1
Armor: Robe              ||     5
Dodge: Dodged            ||    26
